 Dungeon Crawl Stone Soup version 0.25-a0-388-g41a7e554cb (webtiles) character file.

Game seed: 4484853051667501467, levelgen mode: deterministic

14599 Borgoz the Fighter (level 12, -3/79 HPs)
             Began as a Gargoyle Gladiator on Jan 7, 2020.
             Was a High Priest of Okawaru.
             Slain by a meliai
             ... wielding a +0 hand axe
              (6 damage)
             ... on level 12 of the Dungeon.
             The game lasted 00:19:23 (12350 turns).

Borgoz the Fighter (Gargoyle Gladiator)            Turns: 12350, Time: 00:19:24

Health: -3/79      AC: 22    Str: 25    XL:     12   Next: 18%
Magic:  0/14       EV: 21    Int: 10    God:    Okawaru [*****.]
Gold:   747        SH:  0    Dex: 13    Spells: 11/11 levels left

rFire    + . .     SeeInvis .   p - +1 whip (elec)
rCold    . . .     Gourm    .   (no shield)
rNeg     + . .     Faith    .   J - +2 ring mail {rF+}
rPois    ∞         Spirit   +   (helmet restricted)
rElec    +         Reflect  .   r - +0 cloak
rCorr    .         Harm     .   i - +1 pair of gloves
MR       +....                  (no boots)
Stlth    +.........             t - amulet of guardian spirit
HPRegen  0.23/turn              v - ring of protection from magic
MPRegen  0.14/turn              I - +5 ring of evasion

@: mighty, berserk cooldown, slowed, very slow
A: beak, claws 1, negative energy resistance 1, electricity resistance,
unbreathing, petrification resistance, rot immunity, AC +8
a: Heroism, Finesse, Renounce Religion


You were on level 12 of the Dungeon.
You worshipped Okawaru.
Okawaru was extremely pleased with you.
You were hungry.

You visited 2 branches of the dungeon, and saw 13 of its levels.

You collected 747 gold pieces.

Inventory:

Hand Weapons
 e - a +2 flail of protection
 p - a +1 whip of electrocution (weapon)
 L - a +0 morningstar
Missiles
 d - a throwing net (quivered)
Armour
 i - a +1 pair of gloves (worn)
 r - a +0 cloak (worn)
 s - the +1 scale mail of Valour {*Corrode rF+ rC+}
   (You found it on level 7 of the Dungeon)

   It protects you from fire.
   It protects you from cold.
   It may corrode you when you take damage.
 J - a +2 ring mail of fire resistance (worn)
Jewellery
 c - an uncursed ring of see invisible
 l - an uncursed ring of flight
 t - an amulet of guardian spirit (around neck)
 v - a ring of protection from magic (left hand)
 I - a +5 ring of evasion (right hand)
Wands
 a - a wand of clouds (8)
 g - a wand of paralysis (8)
 h - a wand of disintegration (27)
 x - a wand of iceblast (9)
 H - a wand of enslavement (8)
Scrolls
 m - 3 scrolls of blinking
 n - 8 scrolls of remove curse
 q - 5 scrolls of teleportation
 w - 2 scrolls of fog
 y - 2 scrolls of identify
 E - a scroll of torment {unknown}
 G - a scroll of enchant armour
Potions
 b - a potion of mutation
 j - a potion of curing
 k - a potion of brilliance {unknown}
 u - a potion of cancellation
 z - a potion of haste
 A - 2 potions of agility
 B - 2 potions of flight
 D - a potion of might
 F - a potion of resistance
Comestibles
 f - 25 rations
 o - a chunk of flesh


   Skills:
 + Level 10.7 Fighting
 + Level 10.1 Maces & Flails
 - Level 1.7 Throwing
 + Level 10.4 Armour
 + Level 8.4 Dodging
 + Level 3.8 Invocations


You had 11 spell levels left.
You didn't know any spells.
Your spell library contained the following spells:

 Spells                   Type           Power        Failure   Level  Hunger
 Animate Skeleton         Necr           N/A          47%         1    ##.....
 Apportation              Tloc           #.....       47%         1    ##.....
 Confusing Touch          Hex            #.....       47%         1    ##.....
 Foxfire                  Conj/Fire      #...         47%         1    ##.....
 Magic Dart               Conj           #...         47%         1    ##.....
 Summon Small Mammal      Summ           #...         47%         1    ##.....
 Blink                    Tloc           N/A          63%         2    ###....
 Call Imp                 Summ           #.......     63%         2    ###....
 Slow                     Hex            #.......     63%         2    ###....
 Conjure Flame            Conj/Fire      #.......     85%         3    ####...
 Inner Flame              Hex/Fire       #.......     85%         3    ####...
 Mephitic Cloud           Conj/Pois/Air  #.......     85%         3    ####...
 Sticky Flame             Conj/Fire      #.......     99%         4    #####..
 Fireball                 Conj/Fire      #.........   100%        5    ######.


Dungeon Overview and Level Annotations

Branches:
Dungeon (12/15)            Temple (1/1) D:6            Lair (0/6) D:8
    Orc: D:9-12

Altars:
Ashenzari
Cheibriados
Dithmenos
Elyvilon
Fedhas
Gozag
Hepliaklqana
Kikubaaqudgha
Makhleb
Nemelex Xobeh
Okawaru
Qazlal
Ru
Sif Muna
Trog
Uskayaw
Vehumet
Wu Jian
Xom
Yredelemnul
Zin
The Shining One

Shops:
D:4 [


Innate Abilities, Weirdness & Mutations

You are resistant to torment.
Your stone body is resilient. (AC +8)
You are immune to poison.
You resist negative energy. (rN+)
You are resistant to electric shocks. (rElec)
You can survive without breathing.
You are immune to petrification.
You are immune to rotting.
You have a beak for a mouth.
You have sharp fingernails.


Message History

* * * LOW HITPOINT WARNING * * *
The meliai closely misses you. The meliai completely misses you.
The meliai closely misses you.
The queen bee calls on the killer bee to defend it!
The killer bee goes berserk!
The meliai hits you with a +0 hand axe!
* * * LOW HITPOINT WARNING * * *
The meliai closely misses you.
You hit the meliai but do no damage. Lightning courses through the meliai!
The meliai is severely wounded.
The meliai hits you but does no damage. The meliai completely misses you.
The meliai closely misses you. The meliai completely misses you.
The queen bee calls on something to defend it!
You feel very mighty all of a sudden.
The meliai barely misses you. x2; The meliai hits you with a +0 hand axe!
* * * LOW HITPOINT WARNING * * *
The meliai completely misses you.
The killer bee rages.
The meliai completely misses you. The meliai barely misses you.
The meliai misses you. The meliai stings you!
You die...

#.#......##........#
#.#...[..##........#
#.#......##........#
#.#....?.##........#
#.#########........#
#.# #......((..#
#.#########........###
#<##.....##...........
#.##.....#####@##.#.##
#.##.....#####y# ...#
#....).....††yy# ####
#############yy# #.y#
#.... #.##[# #..


yy. #.# #.% You could see a queen bee, a meliai (berserk) and 4 killer bees.

Vanquished Creatures
  A hydra (D:8)
  A two-headed ogre (D:10)
  A skeletal warrior (D:7)
  A wolf spider zombie (D:12)
  Pikel (D:7)
  A manticore (D:7)
  Psyche (D:8)
  A troll (D:12)
  2 dream sheep (D:8)
  3 hippogriffs
  Sigmund (D:6)
  A vampire (D:7)
  2 wraiths (D:12)
  The ghost of pk666 the Magician, an amateur DEWz (D:4)
  18 yaks
  A basilisk (D:7)
  2 hungry ghosts
  Eustachio (D:6)
  Menkaure (D:5)
  A soldier ant (D:7)
  Duvessa (D:6)
  A porcupine (D:8)
  5 ice beasts
  4 orc warriors
  2 slaves (D:7)
  2 black bears (D:8)
  A phantom (D:6)
  6 ogres
  A sky beast (D:8)
  4 centaurs
  2 crocodiles (D:8)
  Blork the orc (D:6)
  6 big kobolds
  6 bullfrogs
  Dowan (D:6)
  6 scorpions
  A water moccasin skeleton (D:4)
  19 killer bees
  4 wights (D:12)
  3 howler monkeys
  A crimson imp (D:4)
  A bullfrog zombie (D:5)
  A quasit (D:9)
  A jelly (D:5)
  3 orc priests
  A centaur skeleton (D:7)
  4 hounds
  4 iguanas
  5 orc wizards
  2 bullfrog skeletons
  8 worker ants
  A hound zombie (D:10)
  2 hound skeletons
  18 adders
  A shadow imp (D:5)
  5 oozes
  3 adder zombies
  An adder skeleton (D:7)
  4 worms
  2 dart slugs
  5 leopard geckos
  43 orcs
  2 ball pythons
  A bat (D:2)
  8 giant cockroaches
  8 goblins
  7 hobgoblins
  24 jackals
  2 quokkas (D:3)
  5 frilled lizards
  A jackal skeleton (D:9)
  18 kobolds
  A leopard gecko skeleton (D:4)
  A quokka skeleton (D:5)
  2 rats
314 creatures vanquished.

Vanquished Creatures (others)
  2 slaves (D:7)
  An adder (D:7)
  3 fungi (D:8)
  2 plants (D:8)
8 creatures vanquished.

Grand Total: 322 creatures vanquished

Notes
Turn   | Place    | Note
-------+----------+-------------------------------------------
     0 | D:1      | Borgoz the Gargoyle Gladiator began the quest for the Orb.
     0 | D:1      | Reached XP level 1. HP: 12/12 MP: 1/1
   109 | D:1      | Reached XP level 2. HP: 18/18 MP: 2/2
   417 | D:1      | Reached skill level 1 in Armour
   617 | D:2      | Reached XP level 3. HP: 13/22 MP: 3/3
   872 | D:2      | Found a bloodstained altar of Trog.
   989 | D:2      | Found a radiant altar of Vehumet.
  1171 | D:2      | Reached XP level 4. HP: 20/27 MP: 4/4
  1449 | D:2      | Found an iron altar of Okawaru.
  1662 | D:3      | Found an ancient bone altar of Kikubaaqudgha.
  2160 | D:3      | Reached XP level 5. HP: 24/32 MP: 5/5
  2428 | D:4      | Found Alety's Armour Emporium.
  2700 | D:4      | Found a runed translucent door.
  2700 | D:4      | Noticed pk666's ghost (amateur DEWz)
  2741 | D:4      | Found a shadowy altar of Dithmenos.
  2741 | D:4      | Found a shimmering altar of Xom.
  2852 | D:4      | Found a white marble altar of Elyvilon.
  2932 | D:4      | Found a basalt altar of Yredelemnul.
  3044 | D:4      | Noticed an ogre
  3059 | D:4      | Reached XP level 6. HP: 30/38 MP: 6/6
  3112 | D:4      | Found a runed translucent door.
  3346 | D:4      | Reached XP level 7. HP: 43/43 MP: 7/7
  3435 | D:4      | Found an ornate altar of the Wu Jian Council.
  3475 | D:4      | Found a burning altar of Makhleb.
  3747 | D:5      | Entered Level 5 of the Dungeon
  3748 | D:5      | Noticed Sigmund
  3929 | D:5      | Noticed Eustachio
  3951 | D:6      | Killed Sigmund
  3951 | D:6      | Reached skill level 5 in Fighting
  3951 | D:6      | Reached skill level 5 in Maces & Flails
  4051 | D:6      | Reached XP level 8. HP: 49/49 MP: 8/8
  4099 | D:6      | Noticed Blork the orc
  4111 | D:6      | Killed Blork the orc
  4463 | D:6      | Found a bloodstained altar of Trog.
  4477 | D:6      | Reached skill level 5 in Armour
  4881 | D:6      | Noticed Dowan
  4884 | D:6      | Found a staircase to the Ecumenical Temple.
  4884 | D:6      | Noticed Duvessa
  4903 | D:6      | Killed Duvessa
  4906 | D:6      | Killed Dowan
  4906 | D:6      | Reached skill level 5 in Dodging
  4929 | Temple   | Entered the Ecumenical Temple
  5227 | D:6      | Killed Eustachio
  5402 | D:5      | Reached XP level 9. HP: 41/56 MP: 9/9
  5537 | D:5      | Found a shadowy altar of Dithmenos.
  5707 | D:5      | Noticed Menkaure
  5730 | D:5      | Killed Menkaure
  6058 | D:2      | Became a worshipper of Warmaster Okawaru
  6204 | D:4      | Killed pk666's ghost
  6524 | D:7      | Noticed Pikel
  6547 | D:7      | Killed Pikel
  6695 | D:7      | Reached * piety under Okawaru
  6836 | D:7      | Noticed a skeletal warrior
  6886 | D:7      | Killed a skeletal warrior
  6886 | D:7      | Reached XP level 10. HP: 17/64 MP: 10/10
  7283 | D:7      | Reached ** piety under Okawaru
  7390 | D:7      | Got an aquamarine-studded scale mail
  7413 | D:7      | Identified the +1 scale mail of Valour {*Corrode rF+ rC+}
                  | (You found it on level 7 of the Dungeon)
  7600 | D:7      | Noticed a manticore
  7612 | D:7      | Killed a manticore
  7910 | D:7      | Reached *** piety under Okawaru
  7927 | D:8      | Noticed Psyche
  7966 | D:8      | Killed Psyche
  8200 | D:8      | Gained mutation: You have a beak for a mouth. [potion of
                  | mutation]
  8200 | D:8      | Gained mutation: You have sharp fingernails. [potion of
                  | mutation]
  8683 | D:8      | Reached **** piety under Okawaru
  8726 | D:8      | Noticed a three-headed hydra
  8744 | D:8      | Killed a three-headed hydra
  8744 | D:8      | Reached XP level 11. HP: 51/71 MP: 6/11
  8953 | D:8      | Found a staircase to the Lair.
  9129 | D:9      | Found a shimmering altar of Xom.
  9131 | D:9      | Found a shimmering altar of Xom.
  9131 | D:9      | Found a shimmering altar of Xom.
  9131 | D:9      | Found a shimmering altar of Xom.
  9132 | D:9      | Found a shimmering altar of Xom.
  9132 | D:9      | Found a shimmering altar of Xom.
  9132 | D:9      | Found a shimmering altar of Xom.
  9132 | D:9      | Found a shimmering altar of Xom.
  9141 | D:9      | Found a shimmering altar of Xom.
  9957 | D:10     | Entered Level 10 of the Dungeon
  9957 | D:10     | Noticed a two-headed ogre
  9969 | D:10     | Killed a two-headed ogre
  9969 | D:10     | Reached ***** piety under Okawaru
 10172 | D:10     | Reached skill level 1 in Invocations
 10402 | D:10     | Reached skill level 10 in Fighting
 10949 | D:11     | Reached skill level 10 in Armour
 11341 | D:11     | Found a shimmering altar of Xom.
 11431 | D:11     | Found a stormy altar of Qazlal.
 11731 | D:12     | Received a gift from Okawaru
 11734 | D:12     | Reached XP level 12. HP: 29/78 MP: 6/14
 11967 | D:12     | Received a gift from Okawaru
 12001 | D:12     | Reached skill level 10 in Maces & Flails
 12350 | D:12     | HP: 3/79 [meliai/+0 hand axe (9)]
 12350 | D:12     | Slain by a meliai

Levels and vault maps discovered:
D:1:      minmay_arrival_cross, layout_basic, st_stairs_14,
          minmay_misc_feat_nine_boxes
D:2:      cheibrodos_greedy_goblins, layout_basic, lightli_temple_of_fire,
          vehumet_crystals, kennysheep_okawaru_gauntlet, first_ration
D:3:      layout_rooms, lemuel_zombie_altar_kikubaaqudgha,
          minmay_splitting_lines
D:4:      layout_basic, kennysheep_ying_yang, overflow_temple_1_default,
          gammafunk_temple_overflow_pools, makhleb_blood_cavern_becter,
          serial_shops, nicolae_shop_trees, ebering_ghost_sewer_f
D:5:      layout_loops_ring, st_stairs_5, grunt_dithmenos_smoke, uniq_menkaure,
          uniq_eustachio, uniq_sigmund
D:6:      layout_basic, temple_hall, trog_butcher_becter, uniq_duvessa,
          uniq_blork_the_orc
D:7:      minmay_the_grid_plus_closed [minmay_the_grid_tree,
          minmay_the_grid_box_x, minmay_the_grid_square_x,
          minmay_the_grid_spikes, minmay_the_grid_prize_inner_circle],
          layout_basic, uniq_pikel
D:8:      layout_rooms, grunt_lair_entry_orc_guard_hut, hangedman_ranch
          [blue_anna_fruit_fields], uniq_psyche
D:9:      layout_loops_ring, nrook_mini_vaults, chequers_mini_garden,
          xom_redecorated
D:10:     layout_basic
D:11:     layout_loops_ring, basic_altar, grunt_qazlal_sundering
D:12:     layout_basic, david_orc_4, special_room [special_room_bee],
          uniq_azrael
Temple:   hc_temple_tempest_star

Skill      XL: |  1  2  3  4  5  6  7  8  9 10 11 12 |
---------------+-------------------------------------+-----
Armour         | 1 2 3 4 5 7 9 10 | 10.4
Fighting       | 3 4 5 6 8 9 10 | 10.7
Dodging        | 3 4 5 6 7 8 |  8.4
Maces & Flails | 4 5 6 7 8 9 10 | 10.1
Invocations    | 3 |  3.8
Throwing       | |  1.7

Action                   |  1- 3 |  4- 6 |  7- 9 | 10-12 || total
-------------------------+-------+-------+-------+-------++-------
Melee: Flail             |   100 |   202 |   235 |   185 ||   722
       Whip              |       |       |   167 |   648 ||   815
       Peck              |       |       |       |   131 ||   131
Throw: Throwing net      |       |       |     3 |     3 ||     6
Invok: Heroism           |       |       |       |     1 ||     1
  Use: Scroll            |     2 |     5 |     4 |    13 ||    24
       Potion            |       |     4 |     1 |     5 ||    10
 Stab: Held in net/web   |       |       |     1 |     2 ||     3
  Eat: Chunk             |     1 |     7 |    12 |    22 ||    42
Armor: Leather armour    |    37 |       |       |       ||    37
       Ring mail         |    36 |   130 |   228 |    57 ||   451
       Skin              |       |     1 |       |       ||     1
       Scale mail        |       |       |       |   337 ||   337
Dodge: Dodged            |    53 |   152 |   293 |   644 ||  1142

Table legend:
 A = Non-vault XP
 B = Vault XP
 C = Vault XP percentage of total XP
 D = Non-vault monster count
 E = Vault monster count
 F = Vault count percentage of total count
                 A         B        C        D         E       F
            +---------+---------+-------+---------+---------+-------
      Total |   12147 |    8710 |  41.8 |     243 |      69 |  22.1
            +---------+---------+-------+---------+---------+-------
        D:1 |      24 |       4 |  14.3 |       8 |       1 |  11.1
        D:2 |      59 |      12 |  16.9 |      18 |       6 |  25.0
        D:3 |      81 |       0 |   0.0 |      24 |       0 |   0.0
        D:4 |     666 |     382 |  36.5 |      20 |       6 |  23.1
        D:5 |     548 |     208 |  27.5 |      28 |       3 |   9.7
        D:6 |     340 |     979 |  74.2 |       8 |       9 |  52.9
        D:7 |     268 |    3005 |  91.8 |      13 |      17 |  56.7
        D:8 |    1084 |    3369 |  75.7 |      21 |      15 |  41.7
        D:9 |    1021 |       0 |   0.0 |      27 |       0 |   0.0
       D:10 |    1879 |       0 |   0.0 |      20 |       0 |   0.0
       D:11 |    2983 |       0 |   0.0 |      36 |       0 |   0.0
       D:12 |    3194 |     751 |  19.0 |      20 |      12 |  37.5
            +---------+---------+-------+---------+---------+-------
